 Dungeon Crawl Stone Soup version 0.22-a0-448-g1fb7470 (webtiles) character file.

1705 KristoblXynda the Carver (level 9, 0/73 HPs)
             Began as a Naga Gladiator on June 4, 2018.
             Slain by a gnoll
             ... wielding a +0 club
              (7 damage)
             ... on level 4 of the Dungeon.
             The game lasted 00:09:38 (4533 turns).

KristoblXynda the Carver (Naga Gladiator)           Turns: 4533, Time: 00:09:38

Health: 0/73       AC:  7    Str: 17    XL:     9   Next: 3%
Magic:  9/9        EV: 10    Int: 10    God:
Gold:   191        SH:  0    Dex: 18    Spells: 8/8 levels left

rFire    . . .     SeeInvis +   a - +1 long sword
rCold    + . .     Gourm    .   (no shield)
rNeg     . . .     Faith    .   e - +0 ring mail
rPois    +         Spirit   .   c - +0 helmet
rElec    .         Reflect  .   (no cloak)
rCorr    .         Harm     .   (no gloves)
MR       +....                  (no barding)
Stlth    +++.......             (no amulet)
HPRegen  0.22/turn              j - +4 ring of dexterity
MPRegen  0.11/turn              m - ring of protection from cold

@: very slow
A: large, see invisible, deformed body, poison resistance, slowness 2, slow
metabolism 1, spit poison 1, AC +3
a: Spit Poison


You were on level 4 of the Dungeon.
You were not hungry.

You visited 1 branch of the dungeon, and saw 5 of its levels.

You collected 191 gold pieces.

Inventory:

Hand Weapons
 a - a +1 long sword (weapon)
 o - a +0 whip of freezing
Missiles
 d - 3 throwing nets (quivered)
Armour
 c - a +0 helmet (worn)
 e - a +0 ring mail (worn)
Jewellery
 j - a +4 ring of dexterity (left hand)
 m - a ring of protection from cold (right hand)
Wands
 q - a wand of clouds (1)
Scrolls
 g - 2 scrolls of remove curse {unknown}
 h - a scroll of enchant armour {unknown}
 k - 2 scrolls of magic mapping
 n - a scroll of enchant weapon
 p - a scroll of random uselessness {unknown}
 r - a scroll of teleportation {unknown}
 s - a scroll of fog
 t - a scroll of fear {unknown}
Potions
 i - a potion of ambrosia {unknown}
 l - a potion of invisibility {unknown}
 u - a potion of mutation {unknown}
Comestibles
 f - 6 rations
 v - a chunk of flesh


   Skills:
 - Level 2.0 Fighting
 * Level 8.4 Long Blades
 - Level 2.0 Throwing
 + Level 4.3 Armour
 - Level 3.1 Dodging
 + Level 7.9 Stealth


You had 8 spell levels left.
You didn't know any spells.
Your spell library was empty.

Dungeon Overview and Level Annotations

Branches:
Dungeon (5/15)
 Temple: D:4-7

Altars:
Dithmenos


Innate Abilities, Weirdness & Mutations

You cannot wear boots.
Your serpentine skin is tough. (AC +3)
You have supernaturally acute eyesight. (SInv)
Armour fits poorly on your strangely shaped body.
Your system is resistant to poisons. (rPois)
You cover ground very slowly.
You have a slow metabolism.
You can spit poison.


Message History

The giant cockroach bites you but does no damage.
The gnoll hits you with a club.
* * * LOW HITPOINT WARNING * * *
You climb upwards.
There is a stone staircase leading down here.
Evoke which item? (* to show all) (? for menu, Esc to quit)
Aiming: Iceblast
Press: ? - help, Shift-Dir - straight line The mass of ice explodes!
The iceblast engulfs the centaur.
The centaur is moderately wounded.
The iceblast engulfs the gnoll.
You kill the gnoll!
The now-empty wand crumbles to dust.
The centaur closely misses you. The giant cockroach barely misses you.
You riposte.
You barely miss the giant cockroach.
The giant cockroach is heavily wounded.
The centaur hits you.
* * * LOW HITPOINT WARNING * * *
The gnoll hits you with a club!
You die...

##..........#....##..#.####
#.............#.#...#......
#.................##....###
#.............#..###.##.# #
##........).#....##..##.###
##...##...###.......##.#..
#######.#####..##........
#.g.s...............
##.@....p...#####...
#.c.)........# ###.
#.......)....# #...
#............# #...
##..........## #...
##...##...## #...
#######.## #... ### #...
#...


You could see a centaur, a gnoll, a giant cockroach and a neutral freed slave
(wandering).

Vanquished Creatures
  Pikel (D:4)
  Sigmund (D:3)
  Menkaure (D:4)
  An orc warrior (D:4)
  2 slaves (D:4)
  A phantom (D:4)
  An ogre (D:4)
  2 howler monkeys (D:4)
  A crimson imp (D:3)
  An orc priest (D:3)
  3 hounds (D:4)
  Jessica (D:3)
  Natasha (thrice) (D:3)
  2 orc wizards (D:4)
  An iguana (D:4)
  3 worker ants
  Terence (D:2)
  Robin (D:4)
  A gnoll (D:4)
  11 adders
  An adder skeleton (D:4)
  3 worms
  6 dart slugs
  2 leopard geckos
  5 orcs
  2 ball pythons (D:3)
  10 hobgoblins
  4 jackals (D:1)
  3 quokkas
  16 bats
  2 frilled lizards
  20 goblins
  A kobold (D:2)
  8 rats
122 creatures vanquished.

Notes
Turn   | Place    | Note
-------+----------+-------------------------------------------
     0 | D:1      | KristoblXynda the Naga Gladiator began the quest for the Orb.
     0 | D:1      | Reached XP level 1. HP: 19/19 MP: 1/1
    34 | D:1      | Reached XP level 2. HP: 25/26 MP: 2/2
   631 | D:2      | Reached XP level 3. HP: 20/32 MP: 3/3
   909 | D:2      | Reached skill level 1 in Armour
   909 | D:2      | Reached XP level 4. HP: 14/39 MP: 4/4
  1250 | D:2      | Reached skill level 4 in Long Blades
  1334 | D:2      | Noticed Terence
  1343 | D:2      | Killed Terence
  1538 | D:3      | Reached XP level 5. HP: 41/45 MP: 5/5
  1557 | D:3      | Reached skill level 1 in Stealth
  1748 | D:3      | Noticed Natasha
  1758 | D:3      | Killed Natasha
  1907 | D:3      | Noticed Sigmund
  1924 | D:3      | Killed Sigmund
  1924 | D:3      | Reached skill level 5 in Long Blades
  1924 | D:3      | Reached XP level 6. HP: 31/52 MP: 6/6
  2128 | D:3      | Noticed Jessica
  2131 | D:3      | Killed Jessica
  2308 | D:3      | Noticed Natasha
  2317 | D:3      | Killed Natasha
  2317 | D:3      | Reached XP level 7. HP: 52/60 MP: 7/7
  2341 | D:3      | Noticed Natasha
  2354 | D:3      | Killed Natasha
  2732 | D:4      | Reached skill level 6 in Long Blades
  2827 | D:4      | Reached skill level 5 in Stealth
  3029 | D:4      | Noticed Robin
  3090 | D:4      | Killed Robin
  3321 | D:4      | Reached XP level 8. HP: 56/67 MP: 8/8
  3323 | D:4      | Reached skill level 7 in Long Blades
  3372 | D:4      | Noticed Pikel
  3398 | D:4      | Killed Pikel
  3452 | D:4      | Reached skill level 8 in Long Blades
  3772 | D:4      | Noticed Menkaure
  3781 | D:4      | HP: 2/67 [Menkaure (9)]
  3782 | D:4      | Killed Menkaure
  4281 | D:4      | Found a shadowy altar of Dithmenos.
  4329 | D:5      | Entered Level 5 of the Dungeon
  4407 | D:4      | Reached XP level 9. HP: 69/73 MP: 9/9
  4533 | D:4      | Slain by a gnoll

Vault maps used:
D:1:      scummos_arrival_checkerplants
D:2:      cheibrodos_helix_gallery, first_ration, minmay_tromino_v2,
          uniq_terence
D:3:      wad_rectangle_vault, uniq_sigmund, uniq_natasha, uniq_jessica
D:4:      minmay_misc_feat_ornament, grunt_dithmenos_smoke, uniq_pikel,
          uniq_menkaure, uniq_robin
D:5:      kennysheep_slugbush, minmay_temple_entry_trees

Skill      XL: |  1  2  3  4  5  6  7  8 |
---------------+-------------------------+-----
Throwing       | 2 |  2.0
Armour         | 1 2 3 4 |  4.3
Dodging        | 3 |  3.1
Long Blades    | 4 5 6 8 |  8.4
Stealth        | 3 4 5 7 |  7.9
Fighting       | |  2.0

Action                   |  1- 3 |  4- 6 |  7- 9 || total
-------------------------+-------+-------+-------++-------
Melee: Long sword        |    80 |   137 |   195 ||   412
 Abil: Spit Poison       |     2 |     6 |    14 ||    22
Evoke: Wand              |       |       |     5 ||     5
  Use: Scroll            |       |     4 |     1 ||     5
       Potion            |       |     2 |     1 ||     3
 Stab: Sleeping          |       |     2 |     3 ||     5
       Confused          |       |       |     9 ||     9
  Eat: Chunk             |       |     4 |     7 ||    11
Armor: Leather armour    |    14 |       |       ||    14
       Ring mail         |    41 |    51 |    89 ||   181
Dodge: Dodged            |    89 |   101 |   132 ||   322
       Rpst.: Long sword |    26 |    27 |    46 ||    99

Table legend:
 A = Spawn XP
 B = Non-spawn XP
 C = Spawn XP percentage of total XP
 D = Spawn monster count
 E = Non-spawn monster count
 F = Spawn count percentage of total count
 G = Total turns spent on level
                    A         B        C        D         E        F      G
               +---------+---------+-------+---------+---------+-------+---------
         Total |       0 |    2436 |   0.0 |       0 |     120 |   0.0 |  4533
               +---------+---------+-------+---------+---------+-------+---------
           D:1 |       0 |      25 |   0.0 |       0 |      14 |   0.0 |   565
           D:2 |       0 |     121 |   0.0 |       0 |      24 |   0.0 |   897
           D:3 |       0 |     537 |   0.0 |       0 |      37 |   0.0 |   988
           D:4 |       0 |    1709 |   0.0 |       0 |      41 |   0.0 |  2043
           D:5 |       0 |      44 |   0.0 |       0 |       4 |   0.0 |    40
               +---------+---------+-------+---------+---------+-------+---------
